AoeStats
← 牛油果

Arabia

503546648Analyzed
1v1 RM · 1mo ago on Sep 1, 2026· 48m 14s· 2 players
Game mode
Random Map
Map size
Tiny (2 player)
Population
200
Speed
Normal
Resources
Standard
Victory
Conquest
Starting age
Dark Age
Ending age
Imperial Age
RankedLock teamsTeams togetherTeam positionsShared explorationLock speedFull tech treeHidden civsTurbo modeCheats
Victory
Defeat
🇭🇰 Armenians · Hong Kong SAR China
1819
+14
🇲🇽 Bulgarians · Mexico
1771
-14
[DH] JapoIroh
5:54 Loom
8:56 Feudal Age
13:40 Double-Bit Axe
21:24 Castle Age
20:49 Bloodlines
25:02 Scale Barding Armor
29:57 Chain Barding Armor
31:13 Forging
32:52 Iron Casting
31:59 Horse Collar
37:13 Husbandry
38:16 Iron Casting
43:35 Wheelbarrow
49:29 Imperial Age
48:17 Fletching
牛油果
6:05 Loom
9:01 Feudal Age
9:32 Man-at-Arms
10:37 Long Swordsman
18:35 Double-Bit Axe
19:32 Wheelbarrow
20:42 Fletching
24:55 Castle Age
24:11 Horse Collar
26:53 Town Watch
28:33 Bow Saw
28:24 Heavy Plow
28:18 Crossbowman
29:02 Bodkin Arrow
29:00 Gold Mining
30:57 Ballistics
30:56 Padded Archer Armor
32:38 Leather Archer Armor
34:38 Hand Cart
41:53 Imperial Age
40:30 Gold Shaft Mining
40:49 Murder Holes
44:55 Imperial Age
42:47 Scale Mail Armor
42:57 Forging
42:48 Squires
42:08 Pikeman
45:20 Two-Handed Swordsman
45:45 Gambesons
46:13 Bracer
47:14 Chemistry
47:18 Chain Mail Armor
Connection lost

Rejoining the realm…

Still unreachable

The connection could not be restored.

Session expired

The server has moved on; the page needs a fresh start.